 Dungeon Crawl Stone Soup version 0.26-a0-163-g6c8a0bf695 (webtiles) character file.

Game seed: 9388531067777553970

315 BritishOli the Skirmisher (level 6, 0/49 HPs)
             Began as a Demonspawn Monk on July 3, 2020.
             Slain by Duvessa
             ... wielding a +0 rapier
              (16 damage)
             ... on level 4 of the Dungeon.
             The game lasted 00:04:29 (3500 turns).

BritishOli the Skirmisher (Demonspawn Monk)         Turns: 3500, Time: 00:04:30

Health: 0/49       AC: 14    Str: 14    XL:     6   Next: 19%
Magic:  6/6        EV: 12    Int: 17    God:
Gold:   116        SH:  0    Dex: 15    Spells: 5/5 levels left

rFire    . . .     SeeInvis .   o - +0 short sword (venom)
rCold    . . .     Faith    .   (no shield)
rNeg     . . .     Spirit   .   l - +0 ring mail
rPois    .         Reflect  .   (helmet restricted)
rElec    .         Harm     .   i - +0 cloak
rCorr    .                      a - +1 pair of gloves
MR       .....                  (no boots)
Stlth    +.........             (no amulet)
HPRegen  0.16/turn              e - +4 ring of slaying
MPRegen  0.10/turn              p - +6 ring of intelligence

@: sanguine armour, glowing
A: horns 1, powered by death 1, sanguine armour 1
a: no special abilities


You were on level 4 of the Dungeon.
You were not hungry.

You visited 1 branch of the dungeon, and saw 4 of its levels.

You collected 116 gold pieces.

Inventory:

Hand Weapons
 o - a +0 short sword of venom (weapon)
Armour
 a - a +1 pair of gloves (worn)
 i - a +0 cloak (worn)
 l - a +0 ring mail (worn)
Jewellery
 e - a +4 ring of slaying (left hand)
 p - a +6 ring of intelligence (right hand)
 r - an uncursed ring of poison resistance {unknown}
 v - a cursed amulet of inaccuracy {unknown}
 x - an uncursed ring of protection from fire {unknown}
Wands
 n - a wand of digging (4)
Scrolls
 f - 2 scrolls of enchant armour {unknown}
 h - a scroll of fog {unknown}
 k - a scroll of amnesia {unknown}
 m - a scroll of remove curse {unknown}
 s - 2 scrolls of fear {unknown}
 t - 2 scrolls of identify {unknown}
Potions
 b - 2 potions of ambrosia {unknown}
 d - 2 potions of degeneration {unknown}
 g - a potion of haste {unknown}
 q - 3 potions of curing
 u - 3 potions of berserk rage {unknown}
 w - a potion of heal wounds {unknown}
Comestibles
 c - 10 rations
 j - a chunk of flesh


   Skills:
 + Level 4.3 Fighting
   Level 3.7 Long Blades
 + Level 2.6 Armour
 + Level 4.0 Dodging
 - Level 2.0 Stealth


You had 5 spell levels left.
You didn't know any spells.
Your spell library was empty.

Dungeon Overview and Level Annotations

Branches:
Dungeon (4/15)
 Temple: D:4-7

Altars:
Cheibriados
Elyvilon
Hepliaklqana
The Shining One

Annotations:
D:4 Duvessa, Edmund


Innate Abilities, Weirdness & Mutations

You have a pair of small horns on your head.
You regenerate a little health from kills.
When seriously injured, your bleeding wounds create armour. (AC +6)


Message History

Duvessa hits you with a +0 rapier. Dowan casts a spell at you.
The puff of frost misses you.
The puff of frost hits Duvessa.
You miss Dowan. You headbutt Dowan!
You kill Dowan!
Duvessa screams, "No!
How DARE you!"
Duvessa goes berserk!
Your Dodging skill increases to level 4!
Duvessa hits you with a +0 rapier!
* * * LOW HITPOINT WARNING * * *
Duvessa closely misses you.
Things that are here:
a +1 dagger of pain; a +0 robe; the elf corpse of Dowan You feel better.
Duvessa closely misses you.
You hit Duvessa but do no damage.
Duvessa is poisoned.
Duvessa is lightly wounded.
Duvessa hits you with a +0 rapier. Duvessa hits you with a +0 rapier!
* * * LOW HITPOINT WARNING * * *
You feel better. Duvessa hits you with a +0 rapier!
You die...

#########.#.###.####.....#..#
..#.....####.#...##.#
###.......#<..#.###.###
#.....#.####..#.##..#
##....#..(.#..#..##.#
####.####.#..###.#.# #.#
#.#..####.## #.#####.#
#.#..##.##.# #....e@.#
#.####.#.#.# #########
#.#..#.##..# #.#.###.####
#.#...##_# #.###.####
#...รท.# #######


You could see Duvessa (berserk, fast, very poisoned).

Vanquished Creatures
  An ogre (D:4)
  Dowan (D:4)
  Crazy Yiuf (D:2)
  Jessica (D:3)
  A worker ant (D:2)
  3 adders (D:3)
  An ooze (D:2)
  2 worms (D:2)
  A dart slug (D:2)
  3 orcs (D:2)
  A ball python (D:2)
  2 giant cockroaches
  5 goblins
  11 hobgoblins
  5 jackals (D:2)
  7 kobolds
  9 bats
  3 frilled lizards
  13 rats
71 creatures vanquished.

Notes
Turn   | Place    | Note
-------+----------+-------------------------------------------
     0 | D:1      | BritishOli the Demonspawn Monk began the quest for the Orb.
     0 | D:1      | Reached XP level 1. HP: 18/18 MP: 1/1
   637 | D:1      | Gained mutation: You have a pair of small horns on your
                  | head. [demonic ancestry]
   637 | D:1      | Reached XP level 2. HP: 24/24 MP: 2/2
  1110 | D:2      | You fall into a shaft and drop 2 floors!
  1135 | D:4      | Found a glowing golden altar of the Shining One.
  1159 | D:4      | Noticed an ogre
  1198 | D:4      | Killed an ogre
  1198 | D:4      | Reached skill level 1 in Armour
  1198 | D:4      | Reached XP level 3. HP: 5/29 MP: 3/3
  1198 | D:4      | Gained mutation: You regenerate a little health from kills.
                  | [demonic ancestry]
  1198 | D:4      | Reached XP level 4. HP: 6/35 MP: 4/4
  1462 | D:4      | Noticed Edmund
  1656 | D:3      | Found a white marble altar of Elyvilon.
  2066 | D:2      | Gained mutation: When seriously injured, your bleeding
                  | wounds create armour. (AC +6) [demonic ancestry]
  2066 | D:2      | Reached XP level 5. HP: 41/42 MP: 5/5
  2241 | D:2      | You fall into a shaft and drop 1 floor!
  2466 | D:3      | Found a hazy altar of Hepliaklqana.
  2577 | D:3      | Noticed Jessica
  2582 | D:3      | Killed Jessica
  2940 | D:2      | Found a runed translucent door.
  2941 | D:2      | Noticed Crazy Yiuf
  3248 | D:2      | Killed Crazy Yiuf
  3248 | D:2      | Reached XP level 6. HP: 48/48 MP: 6/6
  3399 | D:4      | Found a snail-covered altar of Cheibriados.
  3483 | D:4      | Noticed Duvessa
  3484 | D:4      | Noticed Dowan
  3496 | D:4      | Killed Dowan
  3500 | D:4      | Slain by Duvessa

Illustrated notes

Levels and vault maps discovered:
D:1:      beargit_arrival_greenhouse, layout_loops_ring
D:2:      layout_loops_ring, guppyfry_early_orc_mine, uniq_crazy_yiuf_cottage
D:3:      layout_loops_corners, lemuel_doored_altar, elyvilon_altar_1,
          uniq_jessica
D:4:      layout_basic, overflow_temple_1_default, marbit_many_paths,
          first_ration, uniq_duvessa, uniq_edmund

Skill      XL: |  1  2  3  4  5  6 |
---------------+-------------------+-----
Stealth        | 2 |  2.0
Long Blades    | 3 |  3.7
Armour         | 1 2 |  2.6
Dodging        | 3 4 |  4.0
Fighting       | 4 |  4.3

Action                   |  1- 3 |  4- 6 || total
-------------------------+-------+-------++-------
Melee: Falchion          |    30 |    23 ||    53
       Short sword       |       |    94 ||    94
       Headbutt          |       |    23 ||    23
  Use: Potion            |       |     2 ||     2
 Stab: Sleeping          |     2 |     6 ||     8
  Eat: Chunk             |     1 |     7 ||     8
Armor: Robe              |     4 |     2 ||     6
       Ring mail         |       |    32 ||    32
Dodge: Dodged            |    18 |    77 ||    95
       Rpst.: Falchion   |     5 |     3 ||     8

Table legend:
 A = Non-vault XP
 B = Vault XP
 C = Vault XP percentage of total XP
 D = Non-vault monster count
 E = Vault monster count
 F = Vault count percentage of total count
                 A         B        C        D         E       F
            +---------+---------+-------+---------+---------+-------
      Total |     286 |     164 |  36.4 |      61 |      10 |  14.1
            +---------+---------+-------+---------+---------+-------
        D:1 |      20 |       0 |   0.0 |      13 |       0 |   0.0
        D:2 |      95 |      58 |  37.9 |      28 |       8 |  22.2
        D:3 |      58 |      37 |  38.9 |      18 |       1 |   5.3
        D:4 |     113 |      69 |  37.9 |       2 |       1 |  33.3
            +---------+---------+-------+---------+---------+-------
